 Dungeon Crawl Stone Soup version 0.25-a0-734-g73332aeda9 (webtiles) character file.

Game seed: 16060061200364269556, levelgen mode: deterministic

128 ReteAZ the Gusty (level 4, 28/33 HPs)
             Began as a Centaur Air Elementalist on Apr 11, 2020.
             Was an Initiate of Gozag.
             Quit the game on level 3 of the Dungeon.
             The game lasted 00:07:07 (3611 turns).

ReteAZ the Gusty (Centaur Air Elementalist)         Turns: 3611, Time: 00:07:07

Health: 28/33      AC:  6    Str: 10    XL:     4   Next: 86%
Magic:  8/8        EV:  9    Int: 15    God:    Gozag
Gold:   275        SH:  0    Dex: 10    Spells: 7/8 levels left

rFire    . . .     SeeInvis .   l - +0 whip
rCold    . . .     Gourm    .   (no shield)
rNeg     . . .     Faith    .   a - +0 robe
rPois    .         Spirit   .   h - +0 helmet
rElec    .         Reflect  .   f - +0 cloak
rCorr    .         Harm     .   (no gloves)
MR       .....                  (no barding)
Stlth    +.........             (no amulet)
HPRegen  0.11/turn              (no ring)
MPRegen  0.11/turn              (no ring)

@: very quick
A: large, hooves 3, deformed body, speed 2, tough skin 3
a: Potion Petition, Call Merchant, Bribe Branch, Renounce Religion


You were on level 3 of the Dungeon.
You worshipped Gozag.
Gozag was aware of your devotion.
You were near starving.

You visited 1 branch of the dungeon, and saw 3 of its levels.

You collected 305 gold pieces.
You paid 30 gold pieces to Gozag.

Inventory:

Hand Weapons
 l - a +0 whip (weapon)
Missiles
 b - 46 poisoned darts (quivered)
Armour
 a - a +0 robe (worn)
 f - a +0 cloak (worn)
 h - a +0 helmet (worn)
Wands
 o - a wand of polymorph (4)
Scrolls
 d - 6 scrolls of identify {unknown}
 g - a scroll of enchant weapon {unknown}
 k - a scroll of blinking {unknown}
 p - a scroll of remove curse {unknown}
 q - a scroll of amnesia {unknown}
 r - a scroll of teleportation {unknown}
Potions
 e - a potion of heal wounds {unknown}
 i - a potion of stabbing {unknown}
 j - a potion of magic
 m - a potion of brilliance {unknown}
 n - 2 potions of flight
 s - a potion of cancellation {unknown}
Comestibles
 c - 2 rations


   Skills:
 - Level 1.3 Dodging
 - Level 1.1 Stealth
 + Level 2.7 Spellcasting
 - Level 2.0 Conjurations
 + Level 3.8 Air Magic


You had 7 spell levels left.
You knew the following spells:

 Your Spells              Type           Power        Failure   Level  Hunger
a - Shock                 Conj/Air       ##..         6%          1    #......

Your spell library contained the following spells:

 Spells                   Type           Power        Failure   Level  Hunger
 Swiftness                Chrm/Air       #.......     14%         2    ##.....
 Static Discharge         Conj/Air       ##......     19%         3    ###....
 Airstrike                Air            ##........   38%         4    #####..
 Lightning Bolt           Conj/Air       ##........   86%         5    ######.


Dungeon Overview and Level Annotations

Branches:
Dungeon (3/15)

Altars:
Gozag
Hepliaklqana
Nemelex Xobeh
Uskayaw
Zin


Innate Abilities, Weirdness & Mutations

You have hooves in place of feet.
Armour fits poorly on your strangely shaped body.
You cover ground very quickly.
You have extremely tough skin. (AC +3)


Message History

You feel sick. The adder bites you.
Casting: Shock (safe; 6% risk of failure)
Confirm with . or Enter, or press ? or * to list all spells.
Aiming: Shock (safe; 6% risk of failure)
Press: ? - help, Shift-Dir - straight line The zap misses the adder.
The adder bites you.
Casting: Shock (safe; 6% risk of failure)
Confirm with . or Enter, or press ? or * to list all spells.
Aiming: Shock (safe; 6% risk of failure)
Press: ? - help, Shift-Dir - straight line The zap hits the adder.
You kill the adder!
You now have 275 gold pieces (gained 6).
You start resting.
You feel sick. x3
You are no longer poisoned.
You start resting.
You are near starving!
You start resting.
Magic restored.
Are you sure you want to abandon this character and quit the game? (Confirm with "yes".)

#........
#.#####.# #.#
#.# #.# #.#
##############
#.#
#.#.#...#.#.#
#.#
##.#..#..#.##
#.#
#.#..###..#(#
#.# #.@##
##..## #.#
#..## ##..###
#.# #...
##...# #..
#..## #..#.#
### ##..
#..##.######
.#. #..#
#....... # #
#..# ########
...# ###


There were no monsters in sight!

Vanquished Creatures
  Jessica (D:2)
  5 adders
  2 oozes
  A worm (D:3)
  An orc (D:3)
  5 giant cockroaches (D:1)
  A goblin (D:2)
  6 hobgoblins
  4 jackals (D:1)
  2 ball pythons
  4 bats
  A frilled lizard (D:2)
  8 kobolds
  5 rats
46 creatures vanquished.

Notes
Turn   | Place    | Note
-------+----------+-------------------------------------------
     0 | D:1      | ReteAZ the Centaur Air Elementalist began the quest for the
                  | Orb.
     0 | D:1      | Reached XP level 1. HP: 14/14 MP: 3/3
    89 | D:1      | Reached skill level 1 in Conjurations
   640 | D:1      | Reached XP level 2. HP: 20/20 MP: 0/4
   746 | D:1      | Reached skill level 3 in Air Magic
  1732 | D:2      | Reached XP level 3. HP: 26/26 MP: 0/6
  2029 | D:2      | Noticed Jessica
  2050 | D:2      | Killed Jessica
  2143 | D:2      | Found an opulent altar of Gozag.
  2151 | D:2      | Became a worshipper of Gozag Ym Sagoz the Greedy
  2291 | D:2      | Reached XP level 4. HP: 24/33 MP: 2/7
  2746 | D:3      | Found a hazy altar of Hepliaklqana.
  2990 | D:3      | Found a sparkling altar of Nemelex Xobeh.
  3064 | D:3      | Found a hide-covered altar of Uskayaw.
  3064 | D:3      | Found a glowing silver altar of Zin.
  3611 | D:3      | Quit the game

Levels and vault maps discovered:
D:1:      saegor_arrival_miasma, layout_loops_corners,
          chequers_serial_rivers_marsh
D:2:      layout_basic, overflow_temple_1_default, minmay_cut_off, uniq_jessica
D:3:      minmay_diamond_boxcup, layout_loops_ring, lemuel_crystal_altar,
          gammafunk_temple_overflow_forgotten, st_stairs_10

Skill      XL: |  1  2  3 |
---------------+----------+-----
Conjurations   | 1 2 |  2.0
Air Magic      | 3 |  3.8
Spellcasting   | 2 |  2.7
Dodging        | |  1.3
Stealth        | |  1.1

Action                   |  1- 3 |  4- 6 || total
-------------------------+-------+-------++-------
Melee: Unarmed           |     2 |       ||     2
       Whip              |     5 |     5 ||    10
       Kick              |     2 |       ||     2
Throw: Dart              |       |     2 ||     2
 Cast: Shock             |    60 |    54 ||   114
  Use: Potion            |       |     3 ||     3
  Eat: Chunk             |     3 |       ||     3
       Ration            |       |     1 ||     1
Armor: Robe              |    22 |     9 ||    31
Dodge: Dodged            |    24 |     5 ||    29

Table legend:
 A = Non-vault XP
 B = Vault XP
 C = Vault XP percentage of total XP
 D = Non-vault monster count
 E = Vault monster count
 F = Vault count percentage of total count
                 A         B        C        D         E       F
            +---------+---------+-------+---------+---------+-------
      Total |     104 |      79 |  43.2 |      38 |       8 |  17.4
            +---------+---------+-------+---------+---------+-------
        D:1 |      28 |       0 |   0.0 |      17 |       0 |   0.0
        D:2 |      22 |      50 |  69.4 |       7 |       5 |  41.7
        D:3 |      54 |      29 |  34.9 |      14 |       3 |  17.6
            +---------+---------+-------+---------+---------+-------
